 Dungeon Crawl Stone Soup version 0.25.0-46-gbd7b0854d2 (webtiles) character file.

Game seed: 9692307024608930329

201 Delamore the Chopper (level 6, -5/47 HPs)
             Began as a Formicid Fighter on July 15, 2020.
             Slain by Grinder (6 damage)
             ... on level 3 of the Dungeon.
             The game lasted 00:01:47 (2584 turns).

Delamore the Chopper (Formicid Fighter)             Turns: 2584, Time: 00:01:48

Health: -5/47      AC:  6    Str: 23    XL:     6   Next: 7%
Magic:  6/6        EV:  8    Int:  7    God:
Gold:   65         SH:  9    Dex: 10    Spells: 5/5 levels left

rFire    . . .     SeeInvis +   a - +0 war axe
rCold    . . .     Gourm    .   c - +0 kite shield
rNeg     . . .     Faith    .   b - +0 scale mail
rPois    .         Spirit   .   (helmet unavailable)
rElec    .         Reflect  .   (no cloak)
rCorr    .         Harm     .   (no gloves)
MR       .....                  (no boots)
Stlth    ..........             (no amulet)
HPRegen  0.15/turn              (no ring)
MPRegen  0.10/turn              (no ring)

@: no status effects
A: permanent stasis, dig shafts and tunnels, four strong arms, antennae 3
a: Dig, Shaft Self


You were on level 3 of the Dungeon.
You were hungry.

You visited 1 branch of the dungeon, and saw 3 of its levels.

You collected 65 gold pieces.

Inventory:

Hand Weapons
 a - a +0 war axe (weapon)
Missiles
 n - 21 poisoned darts (quivered)
Armour
 b - a +0 scale mail (worn)
 c - a +0 kite shield (worn)
Jewellery
 k - an uncursed amulet of magic regeneration {unknown}
Scrolls
 g - 2 scrolls of enchant armour {unknown}
 h - a scroll of fear {unknown}
 i - a scroll of identify {unknown}
 j - 3 scrolls of teleportation {unknown}
 l - 4 scrolls of remove curse {unknown}
 m - a scroll of fog {unknown}
Potions
 d - a potion of might
 e - a potion of flight {unknown}
 o - a potion of curing {unknown}
 p - a potion of cancellation {unknown}
 q - a potion of invisibility {unknown}
Comestibles
 f - 6 rations
 r - a chunk of flesh


   Skills:
 - Level 3.2 Fighting
 + Level 5.8 Axes
 - Level 3.2 Armour
 - Level 3.6 Shields


You had 5 spell levels left.
You didn't know any spells.
Your spell library was empty.

Dungeon Overview and Level Annotations

Branches:
Dungeon (3/15)

Altars:

Annotations:
D:3 Grinder


Innate Abilities, Weirdness & Mutations

You cannot be hasted, slowed, berserked, paralysed or teleported.
You can dig through walls and to a lower floor.
Your four strong arms can wield two-handed weapons with a shield.
You have a pair of large antennae on your head. (SInv)


Message History

Grinder is moderately wounded.
Grinder hits you.
You writhe in agony.
* * * LOW HITPOINT WARNING * * *
Grinder hits you but does no damage.
You hit Grinder but do no damage.
Grinder is moderately wounded.
Grinder hits you but does no damage.
You hit Grinder.
Grinder is moderately wounded.
Grinder hits you.
* * * LOW HITPOINT WARNING * * *
You writhe in agony.
* * * LOW HITPOINT WARNING * * *
You slash Grinder!
Grinder is severely wounded.
Grinder says, "You look like you could use a good racking."
Grinder hits you.
* * * LOW HITPOINT WARNING * * *
You writhe in agony.
You die...

# #.##....#
##.####.##....#
........##.####
#.......#.##
+....)..'..#
#.......#..#
##..#####..#
##.#####..####
#.....@5....#
##..........#
#.....)†...#
##.###..#### #.
#..# # #(.#
#..# #..# #..#


You could see Grinder.

Vanquished Creatures
  A centaur (D:2)
  7 adders
  5 worms
  A dart slug (D:1)
  7 bats
  A giant cockroach (D:1)
  5 goblins
  6 hobgoblins
  2 jackals (D:1)
  6 kobolds
  2 frilled lizards
  3 rats
46 creatures vanquished.

Notes
Turn   | Place    | Note
-------+----------+-------------------------------------------
     0 | D:1      | Delamore the Formicid Fighter began the quest for the Orb.
     0 | D:1      | Reached XP level 1. HP: 18/18 MP: 1/1
   142 | D:1      | Reached XP level 2. HP: 24/24 MP: 2/2
   280 | D:1      | Reached skill level 3 in Axes
   667 | D:2      | Reached XP level 3. HP: 20/29 MP: 3/3
   911 | D:2      | Noticed a centaur
   926 | D:2      | Killed a centaur
   926 | D:2      | Reached skill level 5 in Axes
   926 | D:2      | Reached XP level 4. HP: 4/35 MP: 4/4
   926 | D:2      | Reached XP level 5. HP: 5/41 MP: 5/5
  2557 | D:3      | Reached XP level 6. HP: 47/47 MP: 6/6
  2564 | D:3      | Noticed Grinder
  2584 | D:3      | HP: 1/47 [Grinder (4)]
  2584 | D:3      | Slain by Grinder

Illustrated notes

Levels and vault maps discovered:
D:1:      tarquinn_simple_flora_water_e, layout_loops_cross
D:2:      layout_basic, first_ration
D:3:      layout_basic, uniq_grinder

Skill      XL: |  1  2  3 |
---------------+----------+-----
Axes           | 3 5 |  5.8
Fighting       | |  3.2
Armour         | |  3.2
Shields        | |  3.6

Action                   |  1- 3 |  4- 6 || total
-------------------------+-------+-------++-------
Melee: War axe           |    69 |   109 ||   178
  Eat: Chunk             |       |     5 ||     5
Armor: Scale mail        |    26 |    57 ||    83
Dodge: Dodged            |    16 |    40 ||    56
Block: Kite shield       |    36 |    52 ||    88
